 Dungeon Sprint DCSS version 0.20.1-1-g8b1a95d (webtiles) character file.

1829 potatolord6000 the Fighter (level 9, -4/63 HPs)
             Began as a Gargoyle Fighter on Aug 29, 2017.
             Was an Initiate of Qazlal.
             Slain by an earth elemental (16 damage)
             ... in the Dungeon (Sprint III: "The Ten Rune Challenge").
             The game lasted 00:04:15 (927 turns).

potatolord6000 the Fighter (Gargoyle Fighter)        Turns: 927, Time: 00:04:16

Health: -4/63      AC: 16    Str: 22    XL:     9   Next: 11%
Magic:  20/20      EV:  9    Int: 10    God:    Qazlal [......]
Gold:   13         SH: 12    Dex:  9    Spells: 23/23 levels left

rFire    . . .     SeeInvis .   a - +0 flail
rCold    . . .     Gourm    .   c - +0 shield
rNeg     + . .     Faith    .   b - +0 scale mail
rPois    ∞         Spirit   .   (no helmet)
rElec    +         Reflect  .   (no cloak)
rCorr    .         Harm     .   (no gloves)
MR       +....     NoTele   +   (no boots)
Stlth    ..........             (no amulet)
Regen    0.2/turn               (no ring)
MPRegen  0.2/turn               (no ring)

@: no status effects
A: slimy green scales 1, magic resistance 1, negative energy resistance 1,
electricity resistance, unbreathing, petrification resistance, rot immunity, AC
+5
a: Renounce Religion


You were in the Dungeon.
You worshipped Qazlal.
Qazlal was noncommittal.
You were not hungry.

You visited 1 branch You collected 13 gold pieces.

Inventory:

Hand Weapons
 a - a +0 flail (weapon)
Armour
 b - a +0 scale mail (worn)
 c - a +0 shield (worn)
Scrolls
 k - a scroll of blinking
 l - a scroll of fog {unknown}
 m - 2 scrolls of torment {unknown}
 n - a scroll of enchant armour {unknown}
 o - a scroll of magic mapping {unknown}
 r - a scroll of identify {unknown}
 s - 2 scrolls of remove curse
Potions
 d - a potion of might
 e - a potion of curing
 i - 2 potions of magic
 q - 3 potions of flight
Books
 g - a book of Misfortune

   Spells                             Type                      Level
   a - Confusing Touch                Hexes                        1
   b - Confuse                        Hexes                        3
   c - Gell's Gravitas                Translocation                3
   d - Petrify                        Transmutation/Earth          4
   e - Metabolic Englaciation         Hexes/Ice                    5
   f - Yara's Violent Unravelling     Hexes/Transmutation          5
Comestibles
 f - a bread ration
 p - 2 royal jellies
 t - a fruit


   Skills:
 + Level 10.4 Fighting
 + Level 9.3 Maces & Flails
 + Level 10.4 Armour
 + Level 10.4 Shields
 + Level 7.8 Spellcasting


You had 23 spell levels left.
You didn't know any spells.

Dungeon Overview and Level Annotations

Branches:
Dungeon (1/1)

Altars:
Cheibriados
Dithmenos
Elyvilon
Fedhas
Gozag
Hepliaklqana
Kikubaaqudgha
Makhleb
Nemelex Xobeh
Okawaru
Qazlal
Ru
Sif Muna
Trog
Uskayaw
Vehumet
Xom
Yredelemnul
Zin
The Shining One
Beogh
Jiyva
Lugonu


Innate Abilities, Weirdness & Mutations

You are resistant to torment.
Your stone body is resilient. (AC +5)
You are immune to poison.
You resist negative energy. (rN+)
You are resistant to electric shocks. (rElec)
You can survive without breathing.
You are immune to petrification.
You are immune to rotting.
You are partially covered in slimy green scales. (AC +2)
You are resistant to hostile enchantments. (MR+)


Message History

You hit the earth elemental but do no damage.
The earth elemental is moderately damaged.
You hit the earth elemental.
The earth elemental is moderately damaged.
The earth elemental hits you!!
You hit the earth elemental.
The earth elemental is heavily damaged.
You block the earth elemental's attack.
You hit the earth elemental.
The earth elemental is heavily damaged.
You hit the earth elemental but do no damage.
The earth elemental is heavily damaged.
The earth elemental hits you!
* * * LOW HITPOINT WARNING * * *
You hit the earth elemental.
The earth elemental is severely damaged.
You hit the earth elemental but do no damage.
The earth elemental is severely damaged.
The earth elemental hits you!
You die...

##########
__#___#__#
).#)_.#/_#
#+#'###)##
.........#
⌠........#
..######'#
⌠.#__#...#+#######
..#__#...#..≈≈§§@#
###__#...#.#§§§#E#
):#__#...+.#§§.#.#
__#__+...#.#§§§#..
▓▓▓▓▓▓▓▓▓▓▓▓▓▓▓▓▓▓▓


You could see an earth elemental.

Vanquished Creatures
  Erica (D)
  A deep elf mage (D)
  A shadow (D)
  A necrophage (D)
  A water elemental (D)
  A scorpion (D)
  A jelly (D)
  A wizard (D)
  A necromancer (D)
  3 humans (D)
  A kobold demonologist (D)
  4 rats (D)
17 creatures vanquished.

Vanquished Creatures (others)
  2 draconian scorchers (D)
  6 hellions (D)
  2 yaktaurs (D)
10 creatures vanquished.

Grand Total: 27 creatures vanquished

Notes
Turn   | Place    | Note
-------+----------+-------------------------------------------
     0 | D        | potatolord6000 the Gargoyle Fighter began the quest for the Orb.
     0 | D        | Reached XP level 1. HP: 14/14 MP: 1/1
    86 | D        | Killed a hellion
    86 | D        | Killed a hellion
    93 | D        | Killed a hellion
    93 | D        | Killed a yaktaur
    94 | D        | Killed a hellion
   117 | D        | Reached XP level 2. HP: 4/20 MP: 2/2
   223 | D        | Killed a white draconian scorcher
   251 | D        | Killed a hellion
   275 | D        | Killed a hellion
   293 | D        | Killed a white draconian scorcher
   375 | D        | Noticed a scorpion
   388 | D        | Killed a scorpion
   388 | D        | Reached skill level 5 in Fighting
   388 | D        | Reached skill level 5 in Armour
   388 | D        | Reached skill level 5 in Shields
   388 | D        | Reached XP level 3. HP: 20/26 MP: 2/6
   388 | D        | Reached XP level 4. HP: 25/31 MP: 2/7
   452 | D        | Gained mutation: You have sharp toenails. [potion of mutation]
   452 | D        | Gained mutation: Your muscles are strong. (Str +2) [potion of mutation]
   452 | D        | Gained mutation: You have supernaturally acute eyesight. (SInv) [potion of mutation]
   453 | D        | Lost mutation: Your muscles are strong. (Str +2) [potion of mutation]
   453 | D        | Lost mutation: You have supernaturally acute eyesight. (SInv) [potion of mutation]
   453 | D        | Lost mutation: You have sharp toenails. [potion of mutation]
   453 | D        | Gained mutation: You do not regenerate when monsters are visible. [potion of mutation]
   453 | D        | Gained mutation: You expend magic power (3 MP) to strengthen your wands. [potion of mutation]
   453 | D        | Gained mutation: Your movements are slightly less encumbered by armour. (ER -2) [potion of mutation]
   453 | D        | Gained mutation: You are agile. (Dex +2) [potion of mutation]
   454 | D        | Lost mutation: You expend magic power (3 MP) to strengthen your wands. [potion of mutation]
   454 | D        | Lost mutation: You are agile. (Dex +2) [potion of mutation]
   454 | D        | Lost mutation: Your movements are slightly less encumbered by armour. (ER -2) [potion of mutation]
   454 | D        | Lost mutation: You do not regenerate when monsters are visible. [potion of mutation]
   454 | D        | Gained mutation: You are resistant to hostile enchantments. (MR+) [potion of mutation]
   454 | D        | Gained mutation: You are partially covered in slimy green scales. (AC +2) [potion of mutation]
   458 | D        | Noticed a water elemental
   462 | D        | Killed a water elemental
   462 | D        | Reached XP level 5. HP: 36/36 MP: 7/9
   467 | D        | Found a glowing silver altar of Zin.
   467 | D        | Found a glowing golden altar of the Shining One.
   467 | D        | Found a white marble altar of Elyvilon.
   468 | D        | Noticed a deep elf mage
   476 | D        | Killed a yaktaur
   482 | D        | Killed a deep elf mage
   482 | D        | Reached skill level 5 in Spellcasting
   482 | D        | Reached XP level 6. HP: 43/44 MP: 8/14
   482 | D        | Reached XP level 7. HP: 47/49 MP: 8/15
   494 | D        | Found a radiant altar of Vehumet.
   494 | D        | Found a deep blue altar of Sif Muna.
   494 | D        | Found an ancient bone altar of Kikubaaqudgha.
   522 | D        | Found a roughly hewn altar of Beogh.
   522 | D        | Found an iron altar of Okawaru.
   522 | D        | Found a bloodstained altar of Trog.
   522 | D        | Found a hide-covered altar of Uskayaw.
   522 | D        | Noticed a human
   524 | D        | Noticed a human
   527 | D        | Killed a human
   534 | D        | Killed a human
   534 | D        | Reached XP level 8. HP: 36/56 MP: 14/17
   540 | D        | Found a basalt altar of Yredelemnul.
   540 | D        | Found a shadowy altar of Dithmenos.
   540 | D        | Found a sacrificial altar of Ru.
   557 | D        | Noticed a shadow
   564 | D        | Killed a shadow
   575 | D        | Found a blossoming altar of Fedhas.
   575 | D        | Found a stormy altar of Qazlal.
   575 | D        | Found a snail-covered altar of Cheibriados.
   575 | D        | Found a burning altar of Makhleb.
   575 | D        | Found a shimmering altar of Xom.
   576 | D        | Found a hazy altar of Hepliaklqana.
   576 | D        | Found an opulent altar of Gozag.
   576 | D        | Found a sparkling altar of Nemelex Xobeh.
   576 | D        | Found a corrupted altar of Lugonu.
   576 | D        | Found a viscous altar of Jiyva.
   579 | D        | Became a worshipper of Qazlal Stormbringer
   710 | D        | Noticed Erica
   743 | D        | Killed Erica
   743 | D        | Reached skill level 10 in Fighting
   743 | D        | Reached skill level 10 in Armour
   743 | D        | Reached skill level 10 in Shields
   743 | D        | Reached XP level 9. HP: 33/63 MP: 18/20
   927 | D        | Slain by an earth elemental

Skill      XL: |  1  2  3  4  5  6  7  8 |
---------------+-------------------------+-----
Fighting       | 4 5 8 9 10 | 10.4
Maces & Flails | 3 4 7 8 9 |  9.3
Armour         | 4 5 8 9 10 | 10.4
Shields        | 4 5 8 9 10 | 10.4
Spellcasting   | 2 3 5 6 7 |  7.8

Action                   |  1- 3 |  4- 6 |  7- 9 || total
-------------------------+-------+-------+-------++-------
Melee: Flail             |    54 |    16 |    84 ||   154
  Use: Potion            |     1 |     5 |     2 ||     8
Armor: Scale mail        |    22 |     3 |    15 ||    40
Dodge: Dodged            |    15 |     3 |    11 ||    29
Block: Shield            |    31 |     2 |    30 ||    63
